 Dungeon Crawl Stone Soup version 0.21.1-1-g345015f (webtiles) character file.

232 inc the Sneak (level 5, -7/21 HPs)
             Began as a Felid Enchanter on Feb 20, 2018.
             Killed by divine providence
             ... invoked by an orc priest
              (11 damage)
             ... on level 4 of the Dungeon.
             The game lasted 00:07:17 (3342 turns).

inc the Sneak (Felid Enchanter)                     Turns: 3342, Time: 00:07:17

Health: -7/21      AC:  1    Str:  4    XL:     5   Next: 73%
Magic:  9/9        EV: 18    Int: 17    God:
Gold:   176        SH:  0    Dex: 17    Spells: 2/8 levels left
                                        Lives:  0   Deaths: 1

rFire    . . .     SeeInvis +     - Unarmed
rCold    . . .     Gourm    .   (shield unavailable)
rNeg     . . .     Faith    .   (armour unavailable)
rPois    .         Spirit   .   (helmet unavailable)
rElec    .         Reflect  .   (cloak unavailable)
rCorr    .         Harm     .   (gloves unavailable)
MR       .....                  (boots unavailable)
Stlth    ++++......             (no amulet)
HPRegen  0.07/turn              (no ring)
MPRegen  0.11/turn              (no ring)

@: quick
A: very small, no armour, no weapons or thrown items, stealth, claws 1, fangs 3,
see invisible, carnivore, speed 1, shaggy fur 1, slow metabolism 1, sharp paws
a: no special abilities


You were on level 4 of the Dungeon.
You were not hungry.

You visited 2 branches of the dungeon, and saw 5 of its levels.

You collected 176 gold pieces.

Inventory:

Wands
 i - a wand of iceblast (11)
Scrolls
 d - 2 scrolls of remove curse {unknown}
 g - 3 scrolls of identify {unknown}
 h - a scroll of enchant armour {unknown}
 j - a scroll of enchant weapon {unknown}
 k - a scroll of blinking {unknown}
 l - 2 scrolls of immolation {unknown}
 m - a scroll of magic mapping {unknown}
Potions
 c - 4 potions of haste {unknown}
 e - 3 potions of curing {unknown}
 f - 2 potions of brilliance {unknown}
 n - a potion of cancellation {unknown}
 o - a potion of lignification {unknown}
Books
 a - a book of Maledictions

   Spells                             Type                      Level
   a - Corona                         Hexes                        1
   b - Ensorcelled Hibernation        Hexes/Ice                    2
   c - Confuse                        Hexes                        3
   d - Tukima's Dance                 Hexes                        3
   e - Dazzling Spray                 Conjuration/Hexes            3
Comestibles
 b - 7 rations


   Skills:
 - Level 2.6 Dodging
 + Level 6.5 Stealth
 - Level 2.2 Unarmed Combat
 - Level 2.1 Spellcasting
 - Level 5.7 Hexes
 - Level 3.1 Ice Magic


You had 2 spell levels left.
You knew the following spells:

 Your Spells              Type           Power        Failure   Level  Hunger
a - Corona                Hex            ###....      1%          1    #......
b - Ensorcelled Hibernat  Hex/Ice        ###...       4%          2    ###....
c - Confuse               Hex            ###.....     5%          3    ###....


Dungeon Overview and Level Annotations

Branches:
Dungeon (4/15)             Temple (1/1) D:4

Altars:
Ashenzari
Cheibriados
Gozag
Hepliaklqana
Kikubaaqudgha
Okawaru
Qazlal
Ru
Sif Muna
Trog
Uskayaw
Vehumet
Wu Jian
Xom
Zin
The Shining One


Innate Abilities, Weirdness & Mutations

You cannot wear armour.
You are incapable of wielding weapons or throwing items.
Your paws allow you to move quietly. (Stealth)
You have sharp claws.
You have razor-sharp teeth.
You have supernaturally acute eyesight. (SInv)
You are carnivorous and can eat meat at any time.
You cover ground quickly.
You are covered in fur. (AC +1)
You have a slow metabolism.
Your sharp claws are effective at attacking unaware monsters.


Message History

The orc wizard casts a spell.
The orc wizard seems to speed up.
The orc wizard points at you and mumbles some strange words.
The puff of frost hits you! The orc wizard casts a spell at you.
The puff of flame misses you.
You bump into the rock wall.
The orc wizard gestures at you while chanting.
The magic dart hits you!
* * * LOW HITPOINT WARNING * * *
An orc wizard comes into view. It is wielding a dagger.
You bump into the rock wall.
The orc wizard casts a spell.
The orc wizard flickers and vanishes for a moment.
You bump into the rock wall.
You feel less confused.
The orc priest mumbles some strange prayers to Beogh against you.
Beogh smites you!
Ouch! That really hurt!
You die...

.....>#.#..........##
.....####...........##
8...8## #.....####...#
##8## #..#### ##..#
#### ##.## ##.. #..#
#..# #.< #..######..#
#.. ###...##.....#
###...
...##......o@..#..#
##....#
............#####...#
(...##. .........[..#
#.......#..#
#.....oo....#
#.....#..#.
#...........# #.)#.
#.# .....oo.....# ..#
#. ............# #.
.o..........# #.
............# #.#


You could see an orc priest, 3 orc wizards and an orc.

Vanquished Creatures
  An ogre (D:4)
  An orc wizard (D:3)
  The ghost of inc the Conjurer, a weakling FeCj (D:3)
  A worker ant (D:4)
  Natasha (D:3)
  A hound skeleton (D:4)
  2 adders
  2 dart slugs (D:1)
  3 leopard geckos
  3 orcs (D:3)
  7 bats
  2 giant cockroaches (D:1)
  7 goblins
  10 hobgoblins
  2 jackals (D:4)
  2 quokkas (D:3)
  A frilled lizard (D:2)
  6 kobolds
  A leopard gecko skeleton (D:4)
  9 rats
63 creatures vanquished.

Notes
Turn   | Place    | Note
-------+----------+-------------------------------------------
     0 | D:1      | inc the Felid Enchanter began the quest for the Orb.
     0 | D:1      | Reached XP level 1. HP: 7/7 MP: 4/4
    91 | D:1      | Reached XP level 2. HP: 8/11 MP: 6/6
   555 | D:1      | Learned a level 2 spell: Ensorcelled Hibernation
   763 | D:1      | Reached XP level 3. HP: 14/14 MP: 0/7
   933 | D:2      | Reached skill level 1 in Ice Magic
   959 | D:2      | Found an opulent altar of Gozag.
  1637 | D:3      | Noticed inc's ghost (weakling FeCj)
  1638 | D:3      | Learned a level 3 spell: Confuse
  1650 | D:3      | Killed inc's ghost
  1650 | D:3      | Reached skill level 5 in Hexes
  1650 | D:3      | Reached XP level 4. HP: 11/18 MP: 4/8
  1767 | D:3      | Noticed Natasha
  1776 | D:3      | Killed Natasha
  2077 | D:3      | Killed from afar by an orc wizard
  2078 | D:3      | Reached XP level 3. HP: 0/14 MP: 1/7
  2228 | D:3      | Reached XP level 4. HP: 18/18 MP: 4/8
  2855 | D:4      | Found the +0 pair of fencer's gloves {+Riposte Dex+3}
  2871 | D:4      | Found a staircase to the Ecumenical Temple.
  2876 | Temple   | Entered the Ecumenical Temple
  3091 | D:4      | Reached skill level 5 in Stealth
  3150 | D:4      | Noticed an ogre
  3195 | D:4      | Reached XP level 5. HP: 21/21 MP: 4/9
  3197 | D:4      | Killed an ogre
  3197 | D:4      | Reached skill level 6 in Stealth
  3342 | D:4      | Killed from afar by an orc priest

Skill      XL: |  1  2  3  4  5 |
---------------+----------------+-----
Unarmed Combat | 2 |  2.2
Ice Magic      | 2 3 |  3.1
Hexes          | 5 |  5.7
Stealth        | 5 6 |  6.5
Dodging        | |  2.6
Spellcasting   | |  2.1

Action                   |  1- 3 |  4- 6 || total
-------------------------+-------+-------++-------
Melee: Unarmed           |    68 |    52 ||   120
       Bite              |     3 |     3 ||     6
 Cast: Ensorcelled Hiber |    20 |    20 ||    40
       Corona            |     2 |       ||     2
       Confuse           |     1 |     2 ||     3
 Stab: Sleeping          |    30 |    15 ||    45
       Confused          |     2 |     1 ||     3
  Eat: Chunk             |     1 |     5 ||     6
Armor: Skin              |       |     3 ||     3
Dodge: Dodged            |    42 |    51 ||    93
